 Dungeon Crawl Stone Soup version 0.18.1-48-g4cf74bf (webtiles) character file.

108 dvd the Chopper (level 4, 0/27 HPs)
             Began as a Gargoyle Gladiator on July 2, 2016.
             Was an Initiate of Ru.
             Killed from afar by Natasha (1 damage)
             ... with a magic dart
             ... on level 2 of the Dungeon.
             The game lasted 00:03:33 (1602 turns).

dvd the Chopper (Gargoyle Gladiator)                Turns: 1602, Time: 00:03:35

Health: 0/27       AC:  7    Str: 20    XL:     4   Next: 87%
Magic:  4/4        EV: 12    Int:  8    God:    Ru [......]
Gold:   105        SH:  0    Dex: 10    Spells: 0 memorised, 3 levels left

rFire  . . .     SeeInvis .     a - +0 war axe
rCold  . . .     Gourm    .     b - +0 leather armour
rNeg   + . .     Faith    .     (no shield)
rPois  ∞         Spirit   .     c - +0 helmet
rElec  +         Dismiss  .     (no cloak)
rCorr  .         Reflect  .     (no gloves)
SustAt .         Harm     .     (no boots)
MR     .....                    r - amulet of rage
Stlth  +.........               (no ring)
                                (no ring)

@: slowed, very slow, not resistant to hostile enchantments, very unstealthy
A: negative energy resistance 1, electricity resistance, unbreathing,
petrification resistance, rot immunity, AC +3
a: Renounce Religion, Evoke Berserk Rage


You were on level 2 of the Dungeon.
You worshipped Ru.
Ru was noncommittal.
You were not hungry.

You visited 1 branch of the dungeon, and saw 2 of its levels.

You collected 105 gold pieces.

Inventory:

Hand Weapons
 a - a +0 war axe (weapon)
 g - a +0 hunting sling
Missiles
 d - 3 throwing nets (quivered)
 o - 45 stones
Armour
 b - a +0 leather armour (worn)
 c - a +0 helmet (worn)
Jewellery
 r - an amulet of rage (around neck)
Scrolls
 h - a scroll of identify {unknown}
 j - a scroll of remove curse {unknown}
 m - a scroll of recharging {unknown}
Potions
 e - a potion of flight {unknown}
 i - a potion of degeneration {unknown}
 l - 2 potions of ambrosia {unknown}
 n - a potion of berserk rage {unknown}
 q - a potion of might {unknown}
 s - a potion of heal wounds {unknown}
 t - a potion of magic {unknown}
Comestibles
 f - 2 bread rations
 k - a slice of pizza
 p - 4 chunks of flesh


   Skills:
 + Level 2.6 Fighting
 + Level 3.3 Axes
 + Level 2.0 Throwing
 + Level 1.8 Armour
 + Level 3.2 Dodging
 + Level 0.8 Stealth


You had 3 spell levels left.
You didn't know any spells.

Dungeon Overview and Level Annotations

Branches:
Dungeon (2/15)

Altars:
Dithmenos
Ru
Xom
Yredelemnul

Annotations:
D:2 Natasha


Innate Abilities, Weirdness & Mutations

You are resistant to torment.
Your stone body is resilient (AC +3).
You are immune to poison.
You resist negative energy.
You are resistant to electric shocks.
You can survive without breathing.
You are immune to petrification.
You are immune to rotting.


Message History

Natasha is almost dead.
You hit the kobold.
You kill the kobold!
Natasha howls an incantation.
Natasha's fingertips start to glow.
Natasha closely misses you. Natasha claws you.
* * * LOW HITPOINT WARNING * * *
You barely miss Natasha.
Natasha is almost dead.
Natasha casts a spell at you. The magic dart hits you!
* * * LOW HITPOINT WARNING * * *
Natasha casts a spell at you. The magic dart hits you!
* * * LOW HITPOINT WARNING * * *
You barely miss Natasha.
Natasha is almost dead.
Natasha stares at you and mumbles some strange words.
The magic dart hits you!
You die...

#.#...÷# #............##....
###.....############......#.....
#...........########......#.....
#..................#.........._.
#..............(...#......#..(..
#..................#......#.....
#..................#......##....
#####<..##.........#......####.#
######.....@...# ... #.....)h..#
..#> #.........# ..#.
#........... ...............
#...............
#.............(. ...............


You could see Natasha.

Vanquished Creatures
  Natasha (twice) (D:2)
  2 adders (D:2)
  A worm (D:2)
  A dart slug (D:1)
  8 bats
  4 giant cockroaches
  8 hobgoblins
  3 giant newts (D:1)
  2 goblins (D:2)
  5 kobolds
  3 rats
39 creatures vanquished.

Notes
Turn   | Place    | Note
--------------------------------------------------------------
     0 | D:1      | dvd the Gargoyle Gladiator began the quest for the Orb.
     0 | D:1      | Reached XP level 1. HP: 12/12 MP: 1/1
   163 | D:1      | Reached XP level 2. HP: 17/17 MP: 2/2
   779 | D:2      | Found a sacrificial altar of Ru.
   790 | D:2      | Reached XP level 3. HP: 7/22 MP: 3/3
   831 | D:2      | Became a worshipper of Ru the Awakened
  1036 | D:2      | Reached skill level 1 in Armour
  1052 | D:2      | Found a shimmering altar of Xom.
  1065 | D:2      | Noticed Natasha
  1074 | D:2      | Killed Natasha
  1074 | D:2      | Reached XP level 4. HP: 24/27 MP: 4/4
  1128 | D:2      | Noticed Natasha
  1140 | D:2      | Killed Natasha
  1540 | D:2      | Found a shadowy altar of Dithmenos.
  1541 | D:2      | Found a basalt altar of Yredelemnul.
  1590 | D:2      | Noticed Natasha
  1601 | D:2      | HP: 1/27 [Natasha/magic dart (2)]
  1602 | D:2      | Killed from afar by Natasha

Skill      XL: |  1  2  3 |
---------------+----------+-----
Throwing       | 2 |  2.0
Axes           | 3 |  3.3
Armour         | 1 |  1.8
Dodging        | 3 |  3.2
Fighting       | |  2.6
Stealth        | |  0.8

Action                   |  1- 3 |  4- 6 || total
-------------------------+-------+-------++-------
Melee: War axe           |    75 |    37 ||   112
 Stab: Paralysed         |     1 |       ||     1
  Eat: Chunk             |     1 |     1 ||     2
Armor: Leather armour    |    27 |    17 ||    44
Dodge: Dodged            |    59 |    23 ||    82
